 Dungeon Crawl Stone Soup version 0.28.0-43-g3370ac3207 (webtiles) character file.

Game seed: 7497784260274125467

584 fleeber the Chopper (level 7, 0/60 HPs)
             Began as a Minotaur Berserker on Mar 16, 2022.
             Was a Believer of Trog.
             Succumbed to a gnoll sergeant's poison
             ... on level 5 of the Dungeon.
             The game lasted 00:24:17 (3730 turns).

fleeber the Chopper (Minotaur Berserker)            Turns: 3730, Time: 00:24:18

Health: 0/60       AC: 12    Str: 21    XL:     7   Next: 14%
Magic:  6/6        EV:  9    Int:  4    God:    Trog [**....]
Gold:   87         SH:  0    Dex: 12    Spells: 6/6 levels left

rFire   . . .      SeeInvis .   a - +0 hand axe
rCold   . . .      Faith    .   (no shield)
rNeg    . . .      Spirit   .   o - +0 chain mail
rPois   .          Reflect  .   (helmet restricted)
rElec   .          Harm     .   n - +0 cloak
rCorr   .          Rampage  .   d - +0 pair of gloves
Will    .....                   (no boots)
Stlth   ..........              (no amulet)
HPRegen 0.20/turn               (no ring)
MPRegen 0.10/turn               (no ring)

@: lethally poisoned (0 -> -23), on berserk cooldown, slowed, studying Staves,
very slow
A: horns 2, retaliatory headbutt
a: Renounce Religion, Berserk, Trog's Hand


You were on level 5 of the Dungeon.
You worshipped Trog.
Trog was pleased with you.
You visited 1 branch of the dungeon, and saw 5 of its levels.

You collected 87 gold pieces.

Inventory:

Hand Weapons
 a - a +0 hand axe (weapon)
Missiles
 e - 6 boomerangs (quivered)
Armour
 d - a +0 pair of gloves (worn)
 n - a +0 cloak (worn)
 o - a +0 chain mail (worn)
Scrolls
 c - 3 scrolls of fog {unknown}
 f - 4 scrolls of teleportation {unknown}
 g - a scroll of noise {unknown}
 h - a scroll of amnesia {unknown}
 i - a scroll of enchant armour {unknown}
 k - 3 scrolls of identify {unknown}
 l - a scroll of immolation {unknown}
Potions
 b - a potion of cancellation {unknown}
 j - a potion of degeneration {unknown}
 m - a potion of attraction {unknown}
 p - a potion of heal wounds {unknown}


   Skills:
 + Level 4.8 Fighting
 * Level 7.7 Axes
 + Level 5.1 Armour
 + Level 3.2 Dodging


You had 6 spell levels left.
You didn't know any spells.
Your spell library was empty.

Dungeon Overview and Level Annotations

Branches:
Dungeon (5/15)             Temple (0/1) D:4

Altars:
Vehumet

Shops:
D:3 *[

Annotations:
D:2 Sigmund
D:4 exclusion: statue


Innate Abilities, Weirdness & Mutations

You have a pair of horns on your head.
You reflexively headbutt those who attack you in melee.


Message History

The gnoll hits you from afar with a +0 spear!
The gnoll sergeant hits you with a +1 spear of venom!
You are more poisoned.
You barely miss the gnoll sergeant.
The gnoll sergeant is moderately wounded.
You feel very sick.
You barely miss the gnoll sergeant.
The gnoll sergeant is moderately wounded.
You feel very sick. The gnoll closely misses you.
The gnoll sergeant hits you but does no damage.
You are more poisoned.
You barely miss the gnoll sergeant.
The gnoll sergeant is moderately wounded.
You feel very sick.
You slash the gnoll sergeant!
The gnoll sergeant is heavily wounded.
You feel very sick.
The gnoll sergeant hits you with a +1 spear of venom!
* * * LOW HITPOINT WARNING * * *
You are lethally poisoned!
The gnoll hits you from afar with a +0 spear.
* * * LOW HITPOINT WARNING * * *
You are too berserk!
You slice the gnoll sergeant!!
You kill the gnoll sergeant!
Trog accepts your kill.
* * * LOW HITPOINT WARNING * * *
You feel very sick. The gnoll hits you but does no damage.
* * * LOW HITPOINT WARNING * * *
You feel very sick.
You feel a strong urge to attack something.
* * * LOW HITPOINT WARNING * * *
You feel very sick.
You see here a +0 whip.
You are no longer berserk.
You are exhausted.
You feel yourself slow down.
You die...

...............#.
#.
.######.######.#
####.# #....#
#.#### #.# #.#
#)# #@# #)# #.#
#.# #g# #g# #.#
#.. .##.


You could see 2 gnolls.

Vanquished Creatures
  An orc warrior (D:4)
  A black bear (D:4)
  A necrophage (D:4)
  A gnoll sergeant (D:5)
  2 hounds (D:4)
  2 orc priests (D:5)
  2 gnolls (D:5)
  5 adders
  3 worms
  4 orcs
  7 endoplasms
  3 giant cockroaches
  6 goblins
  5 hobgoblins
  7 jackals (D:1)
  A quokka (D:2)
  3 ball pythons
  2 bats (D:1)
  2 frilled lizards
  A jackal skeleton (D:4)
  4 kobolds
  3 rats
66 creatures vanquished.

Notes
Turn   | Place    | Note
-------+----------+-------------------------------------------
     0 | D:1      | fleeber the Minotaur Berserker began the quest for the Orb.
     0 | D:1      | Reached XP level 1. HP: 19/19 MP: 0/0
    97 | D:1      | Reached skill level 4 in Axes
   174 | D:1      | Reached XP level 2. HP: 25/27 MP: 1/1
   278 | D:1      | Found a faded altar of an unknown god.
   633 | D:1      | Reached ** piety under Trog
  1105 | D:2      | Reached XP level 3. HP: 20/33 MP: 2/2
  1306 | D:2      | Noticed Sigmund
  1815 | D:3      | Found Cyocsu's Antique Armour Boutique.
  1980 | D:3      | Reached skill level 5 in Axes
  1985 | D:3      | Reached XP level 4. HP: 23/34 MP: 3/3
  2303 | D:3      | Found Selecwor's General Store.
  2717 | D:4      | Found a staircase to the Ecumenical Temple.
  2855 | D:4      | Noticed an orc warrior
  2885 | D:4      | Killed an orc warrior
  2886 | D:4      | Reached skill level 6 in Axes
  2886 | D:4      | Reached XP level 5. HP: 23/47 MP: 4/4
  3127 | D:4      | Noticed a necrophage
  3135 | D:4      | Killed a necrophage
  3136 | D:4      | Reached XP level 6. HP: 53/53 MP: 5/5
  3290 | D:4      | Reached skill level 7 in Axes
  3317 | D:4      | Found a radiant altar of Vehumet.
  3566 | D:5      | Entered Level 5 of the Dungeon
  3623 | D:5      | Reached skill level 5 in Armour
  3711 | D:5      | Reached XP level 7. HP: 60/60 MP: 6/6
  3730 | D:5      | Succumbed to a gnoll sergeant's poison

Illustrated notes

Levels and vault maps discovered:
D:1:      dpeg_arrival_connections, layout_basic,
          hellmonk_ecumenical_altar_crossroads, minmay_small_reverse_x
D:2:      layout_loops_corners, basic_altar, hex_medium, minmay_distorted,
          uniq_sigmund
D:3:      layout_loops_cross, serial_shops, shop_fountains,
          nicolae_shop_advertising_works [nicolae_subvault_shop_adworks],
          minmay_increasing_density
D:4:      layout_cave_pools, vehumet_statue,
          minmay_temple_entry_drinking_statues, minmay_manual_mail
D:5:      layout_loops_ring, uniq_eustachio

Skill      XL: |  1  2  3  4  5  6 |
---------------+-------------------+-----
Axes           | 4 5 6 7 |  7.7
Fighting       | 4 |  4.8
Armour         | 4 5 |  5.1
Dodging        | 3 |  3.2

Action                   |  1- 3 |  4- 6 |  7- 9 || total
-------------------------+-------+-------+-------++-------
Melee: Hand axe          |    84 |    96 |     7 ||   187
       Headbutt          |    10 |    21 |     1 ||    32
Throw: Boomerang         |    10 |     9 |       ||    19
Invok: Berserk           |     1 |     2 |     1 ||     4
       Trog's Hand       |       |     1 |       ||     1
Armor: Ring mail         |    24 |    17 |       ||    41
       Animal skin       |     1 |       |       ||     1
       Chain mail        |       |    23 |     4 ||    27
Dodge: Dodged            |    51 |    42 |     2 ||    95
